 Dungeon Crawl Stone Soup version 0.21.1-35-gfefc1aa2bb (webtiles) character file.

603 Razbojnik the Magician (level 7, -2/36 HPs)
             Began as a Deep Elf Conjurer on Aug 1, 2018.
             Slain by an orc
             ... wielding a +0 trident
              (5 damage)
             ... on level 4 of the Dungeon.
             The game lasted 00:15:38 (3847 turns).

Razbojnik the Magician (Deep Elf Conjurer)          Turns: 3847, Time: 00:15:38

Health: -2/36      AC:  3    Str: -1    XL:     7   Next: 18%
Magic:  17/19      EV: 13    Int: 22    God:
Gold:   163        SH:  0    Dex: 15    Spells: 9/20 levels left

rFire    . . .     SeeInvis .   d - +1 dagger
rCold    + . .     Gourm    .   (no shield)
rNeg     . . .     Faith    .   a - +0 robe
rPois    .         Spirit   .   n - +0 helmet
rElec    .         Reflect  .   (no cloak)
rCorr    .         Harm     .   (no gloves)
MR       .....                  (no boots)
Stlth    ++........             l - amulet of magic regeneration
HPRegen  0.03/turn              h - -6 ring of strength (curse)
MPRegen  0.41/turn              k - ring of protection from cold

@: slowed, lost strength, very slow
A: no striking features
a: no special abilities


You were on level 4 of the Dungeon.
You were not hungry.

You visited 2 branches of the dungeon, and saw 6 of its levels.

You collected 163 gold pieces.

Inventory:

Hand Weapons
 d - a +1 dagger (weapon)
Missiles
 e - 10 tomahawks (quivered)
Armour
 a - a +0 robe (worn)
 j - a +3 buckler
 n - a +0 helmet (worn)
Jewellery
 h - a cursed -6 ring of strength (left hand)
 k - a ring of protection from cold (right hand)
 l - an amulet of magic regeneration (around neck)
Wands
 o - a wand of digging (10)
 r - a wand of iceblast (4)
 v - a wand of flame (23)
 w - a wand of polymorph (18)
Scrolls
 f - a scroll of enchant armour
 g - a scroll of teleportation
 m - a scroll of identify
Potions
 i - a potion of invisibility {unknown}
 p - 2 potions of heal wounds {unknown}
 q - 2 potions of degeneration {unknown}
 s - a potion of brilliance {unknown}
 u - 2 potions of curing {unknown}
 x - a potion of lignification {unknown}
 z - a potion of mutation {unknown}
Books
 b - a book of Conjurations

   Spells                             Type                      Level
   a - Magic Dart                     Conjuration                  1
   b - Searing Ray                    Conjuration                  2
   c - Dazzling Spray                 Conjuration/Hexes            3
   d - Fulminant Prism                Conjuration/Hexes            4
   e - Force Lance                    Conjuration/Translocation    4
   f - Iskenderun's Mystic Blast      Conjuration                  4
Comestibles
 c - 6 rations
 t - 2 chunks of flesh


   Skills:
 - Level 2.4 Dodging
 + Level 3.5 Stealth
 + Level 7.3 Spellcasting
 + Level 5.2 Conjurations
 - Level 6.0 Hexes


You had 9 spell levels left.
You knew the following spells:

 Your Spells              Type           Power        Failure   Level  Hunger
a - Magic Dart            Conj           ####         1%          1    None
b - Searing Ray           Conj           ####..       1%          2    None
c - Fulminant Prism       Conj/Hex       ####......   8%          4    ###....
d - Iskenderun's Mystic   Conj           ####....     9%          4    ###....


Dungeon Overview and Level Annotations

Branches:
Dungeon (5/15)             Temple (1/1) D:4

Altars:
Cheibriados
Dithmenos
Elyvilon
Makhleb
Nemelex Xobeh
Okawaru
Qazlal
Ru
Uskayaw
Xom
Yredelemnul
Lugonu


Message History

The leopard gecko barely misses you.
Casting: Searing Ray
Confirm with . or Enter, or press ? or * to list all spells.
Aiming: Searing Ray
Press: ? - help, Shift-Dir - straight line, f - leopard gecko
Aim: a leopard gecko (clinging)
The searing ray misses the leopard gecko. (Press . to maintain the ray.)
The leopard gecko barely misses you. The orc closely misses you.
The leopard gecko bites you.
* * * LOW HITPOINT WARNING * * *
Unknown command.
The searing ray misses the leopard gecko.
The orc closely misses you. The leopard gecko misses you.
The orc hits you from afar with a trident.
* * * LOW HITPOINT WARNING * * *
The searing ray hits the leopard gecko.
You kill the leopard gecko!
The orc hits you from afar with a trident.
You die...

......##........#.##......#......
.####..#.......>..##...####..####
.# ##...###...........# ##.# # .#
#.⌠.# #......#...######.###
.#####...###......#........#...#
................###........###.##
....⌠..>..⌠...).o##........# #.##
............####o##........# #...
...###...#### #@##........###...
...# #.⌠.# #............#....
...###...### ####..............
#....#####.# #..........#...
###### #.# ####.###..###.....
##.#####........## ###...
#..#.<...######## #... #....#####
#### #.####


You could see 2 orcs.

Vanquished Creatures
  The ghost of FTLSpaceWarp the Magician, an amateur DEWz (D:3)
  An ogre (D:4)
  A bullfrog (D:2)
  A hound (D:4)
  2 orc wizards (D:3)
  2 iguanas
  Natasha (thrice) (D:3)
  6 adders
  5 dart slugs
  4 leopard geckos
  4 orcs (D:3)
  A ball python (D:3)
  8 bats
  4 giant cockroaches
  2 goblins (D:1)
  8 hobgoblins
  2 jackals (D:4)
  2 quokkas (D:2)
  10 frilled lizards
  5 kobolds
  A quokka skeleton (D:4)
  6 rats
79 creatures vanquished.

Vanquished Creatures (others)
  2 fulminant prisms
2 creatures vanquished.

Grand Total: 81 creatures vanquished

Notes
Turn   | Place    | Note
-------+----------+-------------------------------------------
     0 | D:1      | Razbojnik the Deep Elf Conjurer began the quest for the Orb.
     0 | D:1      | Reached XP level 1. HP: 10/10 MP: 6/6
   299 | D:1      | Reached XP level 2. HP: 14/15 MP: 8/8
   318 | D:1      | Learned a level 2 spell: Searing Ray
   751 | D:1      | Reached skill level 4 in Spellcasting
   830 | D:1      | Reached skill level 5 in Conjurations
   830 | D:1      | Reached XP level 3. HP: 19/19 MP: 7/10
   997 | D:2      | Found a snail-covered altar of Cheibriados.
   999 | D:2      | Found a hide-covered altar of Uskayaw.
  1359 | D:2      | Reached skill level 5 in Spellcasting
  1359 | D:2      | Reached XP level 4. HP: 10/24 MP: 2/13
  1369 | D:1      | Learned a level 4 spell: Fulminant Prism
  1374 | D:1      | Learned a level 4 spell: Iskenderun's Mystic Blast
  1559 | D:2      | Reached skill level 1 in Hexes
  1582 | D:2      | Noticed a bullfrog
  1586 | D:2      | Killed a bullfrog
  1586 | D:2      | Reached XP level 5. HP: 19/28 MP: 10/14
  2163 | D:3      | Noticed FTLSpaceWarp's ghost (amateur DEWz)
  2253 | D:3      | Reached skill level 5 in Hexes
  2504 | D:3      | Found a sacrificial altar of Ru.
  2521 | D:3      | Reached XP level 6. HP: 30/32 MP: 6/16
  2592 | D:3      | Noticed Natasha
  2598 | D:3      | Killed Natasha
  2764 | D:3      | Noticed Natasha
  2775 | D:3      | Killed Natasha
  3052 | D:3      | Noticed Natasha
  3056 | D:3      | Killed Natasha
  3086 | D:3      | Killed FTLSpaceWarp's ghost
  3086 | D:3      | Reached skill level 6 in Spellcasting
  3325 | D:4      | Lost strength.
  3426 | D:4      | Reached skill level 7 in Spellcasting
  3452 | D:4      | Found a staircase to the Ecumenical Temple.
  3461 | Temple   | Entered the Ecumenical Temple
  3590 | D:4      | Reached XP level 7. HP: 34/36 MP: 14/19
  3646 | D:4      | Found a white marble altar of Elyvilon.
  3834 | D:5      | Entered Level 5 of the Dungeon
  3847 | D:4      | Slain by an orc

Skill      XL: |  1  2  3  4  5  6 |
---------------+-------------------+-----
Spellcasting   | 4 5 7 |  7.3
Conjurations   | 5 |  5.2
Hexes          | 3 5 6 |  6.0
Stealth        | 3 |  3.5
Dodging        | |  2.4

Action                   |  1- 3 |  4- 6 |  7- 9 || total
-------------------------+-------+-------+-------++-------
Melee: Dagger            |     7 |    10 |       ||    17
Throw: Tomahawk          |     8 |     3 |       ||    11
 Cast: Magic Dart        |    30 |    50 |     3 ||    83
       Searing Ray       |     7 |    17 |     2 ||    26
       Fulminant Prism   |       |     2 |       ||     2
       Iskenderun's Myst |       |     1 |       ||     1
  Use: Scroll            |       |     5 |       ||     5
 Stab: Sleeping          |     7 |     8 |       ||    15
  Eat: Chunk             |     1 |     8 |     1 ||    10
Armor: Robe              |     2 |     5 |     1 ||     8
Dodge: Dodged            |     8 |    24 |    16 ||    48
